 Dungeon Crawl Stone Soup version 0.30.0-10-gfe55d96785 (webtiles) character file.

Game seed: 14254959636849234785

2137 FishyPogo the Basher (level 9, -11/30 HPs)
             Began as a Meteoran Reaver on May 12, 2023.
             Was an Elder of Cheibriados.
             Mangled by an orc warrior
             ... wielding a +0 halberd of distortion
              (12 damage)
             ... on level 8 of the Dungeon on May 14, 2023.
             The game lasted 00:43:06 (5004 turns).

FishyPogo the Basher (Meteoran Reaver)              Turns: 5004, Time: 00:43:07

Health: -11/30     AC:  9    Str: 28    XL:     9   Next: 85%
Magic:  19/19      EV: 12    Int: 23    God:    Cheibriados [****..]
Gold:   216        SH:  0    Dex: 22    Spells: 10/18 levels left

rFire   . . .        a - +2 mace (heavy)
rCold   + . .        (no shield)
rNeg    . . .        A - +1 scale mail {rC+}
rPois   .            (helmet restricted)
rElec   .            (no cloak)
rCorr   .            o - +0 pair of gloves
SInv    .            (no boots)
Will    +....        y - amulet of regeneration Stlth
                     (no ring)
HPRegen 1.05/turn    (no ring)
MPRegen 0.16/turn

%: no passive effects
@: glowing, very slow
A: sense surroundings 2, otherworldly, glowing, explore regen, horns 1, high MP
1, screaming 1
a: Renounce Religion, Bend Time, Temporal Distortion, Slouch


You were on level 8 of the Dungeon.
You worshipped Cheibriados.
Cheibriados was greatly pleased with you.
You visited 1 branch of the dungeon, and saw 8 of its levels.

You collected 384 gold pieces.
You spent 168 gold pieces at shops.

Inventory:

Hand Weapons
 a - a +2 heavy mace (weapon)
 b - a +0 sling
 n - a +0 mace
 t - a +2 dagger of venom
Missiles
 e - 83 stones
 g - 20 poisoned darts (quivered)
Armour
 f - a +0 leather armour
 o - a +0 pair of gloves (worn)
 q - a +0 helmet
 A - a +1 scale mail of cold resistance (worn)
Magical Staves
 D - a staff of earth
Jewellery
 v - an amulet of magic regeneration
 y - an amulet of regeneration (around neck)
Wands
 h - a wand of paralysis (7)
 C - a wand of flame (4)
Scrolls
 c - 3 scrolls of identify
 i - a scroll of magic mapping
 l - 2 scrolls of brand weapon
 p - 2 scrolls of immolation {unknown}
 r - 4 scrolls of teleportation
 u - a scroll of vulnerability
 w - 2 scrolls of noise
 B - a scroll of summoning {unknown}
Potions
 d - 2 potions of degeneration
 j - a potion of brilliance
 k - 5 potions of curing
 m - a potion of heal wounds
 s - a potion of magic
 x - 2 potions of haste
 z - a potion of cancellation


   Skills:
 * Level 6.4 Fighting
 - Level 0.4 Short Blades
 * Level 8.7 Maces & Flails
 + Level 5.8 Armour
 - Level 3.0 Dodging
 - Level 5.0 Spellcasting
 - Level 6.0 Conjurations
 * Level 3.9 Hexes
 - Level 3.0 Ice Magic


You had 10 spell levels left.
You knew the following spells:

 Your Spells              Type           Power      Damage    Failure   Level
a - Kiss of Death         Conj/Necr      76%        2d11      5%          1
b - Momentum Strike       Conj/Tloc      38%        3d9       9%          2
c - Hailstorm             Conj/Ice       26%        3d7       9%          3
d - Ensorcelled Hibernat  Hex/Ice        42%        N/A       7%          2

Your spell library contained the following spells:

 Spells                   Type           Power      Damage    Failure   Level
 Spider Form              Tmut/Pois      5%         N/A       50%         3
 Anguish                  Hex/Necr       7%         N/A       65%         4


Dungeon Overview and Level Annotations

Branches:
Dungeon (8/15) Zot: 803    Temple (0/1) D:4
   Lair: D:8-11

Altars:
Cheibriados
Dithmenos
Makhleb
Vehumet
Wu Jian

Shops:
D:5 =*   D:6 [


Innate Abilities, Weirdness & Mutations

You passively map the area around you.
You are easily found by Zot.
You glow in the dark.
You regain HP and MP as you explore.
You have a pair of small horns on your head.
You have an increased reservoir of magic. (+10% MP)
You occasionally shout uncontrollably at your foes.


Message History

The orc warrior is lightly wounded.
The orc warrior barely misses you.
You hit the orc warrior but do no damage.
The orc warrior is lightly wounded.
The orc warrior closely misses you. The orc warrior barely misses you.
You hit the orc warrior.
The orc warrior is moderately wounded.
You hit the orc but do no damage. You headbutt the orc.
You kill the orc!
Cheibriados appreciates the change of pace.
The orc warrior closely misses you.
You hit the orc warrior.
The orc warrior is moderately wounded.
The orc warrior barely misses you.
The orc warrior hits you with a +0 halberd of distortion.
Space warps horribly around you!
Ouch! That really hurt!
You hit the orc warrior but do no damage.
The orc warrior is moderately wounded.
The orc warrior barely misses you.
You sock the orc warrior!
You headbutt the orc warrior, but do no damage.
The orc warrior is heavily wounded.
The orc warrior hits you with a +0 halberd of distortion!
* * * LOW HITPOINT WARNING * * *
The orc warrior misses you.
You feel much better.
The orc warrior hits you but does no damage.
Space warps horribly around you!!
Ouch! That really hurt!
* * * LOW HITPOINT WARNING * * *
You hit the orc warrior but do no damage.
The orc warrior is heavily wounded.
The orc warrior misses you.
You barely miss the orc warrior.
The orc warrior is heavily wounded.
The orc warrior hits you with a +0 halberd of distortion!
* * * LOW HITPOINT WARNING * * *
Space warps horribly around you!
You die...

* * * , * ,, *
* * , * * * ,
#.###### *
#....@o# *
######)#####.*
#........#
#..####### ,
#..# ,* #..#
#.)# #..# *
#..#


You could see an orc warrior.

Vanquished Creatures
  A water moccasin (D:7)
  3 black bears
  2 ice beasts (D:7)
  2 ogres
  3 centaurs
  A kobold brigand (D:7)
  3 bullfrogs (D:6)
  A gnoll sergeant (D:7)
  3 scorpions
  3 howler monkeys
  A jelly (D:6)
  2 hounds
  6 iguanas
  Natasha (twice) (D:2)
  Robin (D:3)
  3 adders
  8 gnolls
  2 shadow imps
  3 worms
  A dart slug (D:1)
  7 orcs
  7 endoplasms
  6 giant cockroaches
  7 hobgoblins
  11 jackals
  7 quokkas
  11 ball pythons
  5 bats
  2 frilled lizards
  22 goblins
  11 kobolds
  6 rats
153 creatures vanquished.

Notes
Turn   | Place    | Note
-------+----------+-------------------------------------------
     0 | D:1      | FishyPogo the Meteoran Reaver began the quest for the Orb.
     0 | D:1      | Reached XP level 1. HP: 17/17 MP: 5/5
     8 | D:1      | You fall into a shaft and drop 1 floor!
     9 | D:2      | Upgraded the game from 0.30.0-5-g1a98f26d00 to
                  | 0.30.0-10-gfe55d96785
    46 | D:2      | Found a faded altar of an unknown god.
    95 | D:1      | Reached XP level 2. HP: 18/24 MP: 6/6
   316 | D:1      | Reached XP level 3. HP: 22/30 MP: 8/8
   596 | D:2      | Noticed Natasha
   673 | D:2      | Prayed at the altar of an unknown god.
   673 | D:2      | Became a worshipper of Cheibriados the Contemplative
   673 | D:2      | Reached * piety under Cheibriados
   698 | D:2      | Killed Natasha
   699 | D:2      | Reached XP level 4. HP: 15/37 MP: 6/9
   703 | D:2      | Learned a level 2 spell: Momentum Strike
   849 | D:2      | Noticed Natasha
   895 | D:2      | Killed Natasha
   896 | D:2      | Reached skill level 5 in Maces & Flails
   896 | D:2      | Reached XP level 5. HP: 5/45 MP: 11/11
  1062 | D:2      | Reached skill level 1 in Armour
  1132 | D:2      | Reached ** piety under Cheibriados
  1230 | D:2      | Glimpsed the power of Zot.
  1264 | D:2      | Glimpsed the power of Zot.
  1291 | D:2      | Glimpsed the power of Zot.
  1314 | D:3      | Gained mutation: Your spells are a little harder to cast,
                  | but a little more powerful. [potion of mutation]
  1314 | D:3      | Gained mutation: You have hidden genetic defects. [potion
                  | of mutation]
  1314 | D:3      | Lost mutation: You have hidden genetic defects. [potion of
                  | mutation]
  1314 | D:3      | Gained mutation: You are partially covered in iridescent
                  | scales. (AC +2) [potion of mutation]
  1324 | D:3      | HP: 2/67 [gnoll/+0 whip (3)]
  1338 | D:3      | Reached XP level 6. HP: 10/51 MP: 12/12
  1725 | D:3      | Found an ornate altar of the Wu Jian Council.
  1725 | D:3      | Found a burning altar of Makhleb.
  1739 | D:3      | Noticed Robin
  1743 | D:3      | Reached *** piety under Cheibriados
  1756 | D:3      | Killed Robin
  1914 | D:3      | Glimpsed the power of Zot.
  1945 | D:3      | Glimpsed the power of Zot.
  2119 | D:4      | Found a staircase to the Ecumenical Temple.
  2174 | D:4      | Lost mutation: Your spells are a little harder to cast, but
                  | a little more powerful. [potion of mutation]
  2174 | D:4      | Lost mutation: You are partially covered in iridescent
                  | scales. (AC +2) [potion of mutation]
  2174 | D:4      | Gained mutation: You occasionally shout uncontrollably at
                  | your foes. [potion of mutation]
  2174 | D:4      | Gained mutation: You have an increased reservoir of magic.
                  | (+10% MP) [potion of mutation]
  2174 | D:4      | Gained mutation: You have a pair of small horns on your
                  | head. [potion of mutation]
  2316 | D:4      | Reached XP level 7. HP: 51/58 MP: 15/15
  2483 | D:4      | Glimpsed the power of Zot.
  2495 | D:4      | Found a shadowy altar of Dithmenos.
  2513 | D:4      | Glimpsed the power of Zot.
  2523 | D:4      | Reached **** piety under Cheibriados
  2536 | D:4      | Glimpsed the power of Zot.
  2542 | D:4      | Touched by the power of Zot.
  2563 | D:5      | Entered Level 5 of the Dungeon
  2571 | D:5      | Reached skill level 6 in Maces & Flails
  2625 | D:5      | Found a radiant altar of Vehumet.
  2655 | D:5      | Reached skill level 5 in Conjurations
  2655 | D:5      | Reached XP level 8. HP: 50/53 MP: 16/16
  2678 | D:5      | Found Ujic Lineo's Jewellery Shop.
  2686 | D:5      | Learned a level 3 spell: Hailstorm
  2859 | D:5      | Found Toefuosm's General Store.
  3268 | D:4      | Glimpsed the power of Zot.
  3298 | D:4      | Glimpsed the power of Zot.
  3322 | D:5      | Glimpsed the power of Zot.
  3328 | D:5      | Touched by the power of Zot.
  3351 | D:6      | Reached skill level 7 in Maces & Flails
  3416 | D:6      | Reached skill level 1 in Ice Magic
  3446 | D:6      | Found Rarrirch's Antique Armour Boutique.
  3450 | D:6      | Bought a runed scale mail for 168 gold pieces
  3489 | D:6      | Reached skill level 5 in Spellcasting
  3549 | D:6      | Reached skill level 5 in Armour
  3556 | D:6      | Learned a level 2 spell: Ensorcelled Hibernation
  3666 | D:6      | Reached skill level 5 in Fighting
  3666 | D:6      | Gained mutation: You passively map the area around you.
                  | [Meteoran growth]
  3666 | D:6      | Reached XP level 9. HP: 47/49 MP: 19/19
  3771 | D:6      | Reached skill level 1 in Hexes
  4001 | D:6      | Glimpsed the power of Zot.
  4029 | D:6      | Glimpsed the power of Zot.
  4531 | D:7      | Glimpsed the power of Zot.
  4559 | D:7      | Glimpsed the power of Zot.
  4582 | D:7      | Glimpsed the power of Zot.
  4587 | D:7      | Touched by the power of Zot.
  4659 | D:7      | Reached skill level 8 in Maces & Flails
  4710 | D:7      | Glimpsed the power of Zot.
  4739 | D:7      | Glimpsed the power of Zot.
  4763 | D:7      | Glimpsed the power of Zot.
  4769 | D:7      | Touched by the power of Zot.
  5004 | D:8      | HP: 1/30 [orc warrior/+0 halberd of distortion (9)]
  5004 | D:8      | Mangled by an orc warrior

Illustrated notes

Levels and vault maps discovered:
D:1:      mushboom_english_gardens, layout_basic, nrook_uturn
D:2:      layout_basic, basic_ecumenical_altar, st_stairs_10,
          minmay_stone_trees_small, columned_hall_lemuel, minmay_bisected,
          uniq_natasha
D:3:      layout_rooms, nicolae_overflow_two_pavilions, serial_curves,
          eino_curves_03, eino_curves_03, uniq_robin
D:4:      layout_loops_cross, grunt_dithmenos_smoke_and_mirrors,
          minmay_temple_entry_tees, minmay_liquid_box, minmay_goblin_outpost
D:5:      layout_gridville, good_gods_temple_1, nicolae_vehumet_radiance,
          serial_shops, shop, shop
D:6:      layout_gridville, serial_shops, nicolae_shop_pleasant_corner_grove
D:7:      layout_layer_cave
D:8:      layout_loops_ring, mainiacjoe_overflow_alcove_2, uniq_psyche

Skill      XL: |  1  2  3  4  5  6  7  8  9 |
---------------+----------------------------+-----
Spellcasting   | 3 4 5 |  5.0
Dodging        | 3 |  3.0
Conjurations   | 4 5 6 |  6.0
Fighting       | 3 4 5 6 |  6.4
Maces & Flails | 5 6 7 8 |  8.7
Armour         | 1 2 4 5 |  5.8
Ice Magic      | 2 3 |  3.0
Hexes          | 3 |  3.9
Short Blades   | |  0.4

Action                     |  1- 3 |  4- 6 |  7- 9 || total
---------------------------+-------+-------+-------++-------
  Melee: Mace              |    73 |   182 |   139 ||   394
         Punch             |     1 |     3 |     2 ||     6
         Dagger            |       |    43 |       ||    43
         Unarmed           |       |     2 |       ||     2
         Headbutt          |       |     1 |    30 ||    31
   Fire: Sling             |       |    14 |       ||    14
  Throw: Dart              |       |       |     6 ||     6
   Cast: Kiss of Death     |     1 |       |       ||     1
 Invoke: Bend Time         |     1 |     1 |       ||     2
         Slouch            |       |       |     1 ||     1
    Use: Potion            |       |     8 |     7 ||    15
         Scroll            |       |     5 |     3 ||     8
 Armour: Leather armour    |    19 |   108 |    22 ||   149
         Skin              |       |    41 |    10 ||    51
         Scale mail        |       |       |    52 ||    52
  Dodge: Dodged            |    37 |   177 |   120 ||   334
